 Dungeon Crawl Stone Soup version 0.29.1-12-g30fa7ad0bf (webtiles) character file.

Game seed: 5555389462731460472

31444 LustLizard the Cleaver (level 13, -30/118 HPs)
             Began as a Minotaur Monk on Jan 4, 2023.
             Was the Champion of Cheibriados.
             Annihilated by a titanic slime creature (85 damage)
             ... on level 13 of the Dungeon.
             The game lasted 00:35:53 (13792 turns).

LustLizard the Cleaver (Minotaur Monk)             Turns: 13792, Time: 00:35:53

Health: -30/118    AC: 19    Str: 37    XL:     13   Next: 26%
Magic:  0/18       EV: 17    Int: 22    God:    Cheibriados [******]
Gold:   1052       SH: 12    Dex: 27    Spells: 12/12 levels left

rFire   . . .      SeeInvis +   Q - +9 war axe of the Lumpy Persimmons {venom, Fly rElec}
rCold   . . .      Faith    .   D - +0 kite shield
rNeg    . . .      Spirit   +   C - +3 plate armour
rPois   .          Reflect  .   (helmet restricted)
rElec   +          Harm     .   J - +0 cloak
rCorr   .          Rampage  .   l - +0 pair of gloves
Will    .....                   H - +0 pair of boots
Stlth   ..........              s - amulet of guardian spirit
HPRegen 0.29/turn               G - +4 ring of evasion
MPRegen 0.16/turn               h - ring of see invisible

@: flying, very slow
A: horns 2, retaliatory headbutt
a: Renounce Religion, Bend Time, Temporal Distortion, Slouch, Step From Time


You were on level 13 of the Dungeon.
You worshipped Cheibriados.
Cheibriados was exalted by your worship.
You visited 1 branch of the dungeon, and saw 13 of its levels.
You also visited: Ossuary.

You collected 1073 gold pieces.
You spent 21 gold pieces at shops.

Inventory:

Hand Weapons
 Q - the +9 war axe of the Lumpy Persimmons (weapon) {venom, Fly rElec}
   (You found it on level 8 of the Dungeon)

   It poisons the flesh of those it strikes.
   rElec:     It insulates you from electricity.
   Fly:       It grants you flight.
Missiles
 n - 5 javelins
 p - 22 boomerangs (quivered)
 u - 25 poisoned darts
 O - 6 curare-tipped darts
 U - 6 atropa-tipped darts
Armour
 l - a +0 pair of gloves (worn)
 C - a +3 plate armour (worn)
 D - a +0 kite shield (worn)
 H - a +0 pair of boots (worn)
 J - a +0 cloak (worn)
Jewellery
 e - an amulet of the acrobat
 h - a ring of see invisible (right hand)
 j - a +4 ring of evasion
 s - an amulet of guardian spirit (around neck)
 t - a +6 ring of dexterity
 A - a ring of magical power
 F - a ring of flight
 G - a +4 ring of evasion (left hand)
 K - a ring of protection from cold
 T - a ring of ice
 W - a ring of wizardry
Wands
 a - a wand of mindburst (21)
 b - a wand of flame (19)
 f - a wand of iceblast (4)
 x - a wand of light (16)
 Y - a wand of charming (4)
Scrolls
 k - 3 scrolls of fear
 m - a scroll of silence
 q - 2 scrolls of blinking
 v - 3 scrolls of teleportation
 w - 2 scrolls of enchant armour
 y - 4 scrolls of amnesia
 z - a scroll of poison
 E - a scroll of brand weapon
 M - 2 scrolls of noise
 N - a scroll of magic mapping
 P - 2 scrolls of butterflies
 S - 2 scrolls of immolation
Potions
 c - a potion of ambrosia
 d - 4 potions of magic
 g - 6 potions of curing
 i - 4 potions of heal wounds
 o - 2 potions of lignification
 r - 4 potions of mutation
 B - a potion of flight
 I - 2 potions of attraction
 L - a potion of berserk rage
 R - 3 potions of haste
 V - 2 potions of might
 X - a potion of resistance
 Z - a potion of brilliance


   Skills:
 + Level 12.0 Fighting
 + Level 14.8 Axes
 - Level 7.1 Throwing
 + Level 6.6 Armour
 + Level 7.0 Dodging
 - Level 1.5 Stealth
 - Level 6.2 Shields
 * Level 8.5 Invocations
 * Level 7.8 Evocations


You had 12 spell levels left.
You didn't know any spells.
Your spell library contained the following spells:

 Spells                   Type           Power      Damage    Failure   Level
 Freeze                   Ice            0%         1d3       95%         1
 Magic Dart               Conj           0%         1d3       95%         1
 Sandblast                Erth           0%         2d4       95%         1
 Slow                     Hex            0%         N/A       95%         1
 Call Imp                 Summ           0%         N/A       99%         2
 Ensorcelled Hibernation  Hex/Ice        0%         N/A       99%         2
 Passwall                 Tmut/Erth      0%         N/A       99%         2
 Call Canine Familiar     Summ           0%         N/A       100%        3
 Confusing Touch          Hex            0%         N/A       100%        3
 Frozen Ramparts          Ice            0%         1d1       100%        3
 Mephitic Cloud           Conj/Pois/Air  0%         N/A       100%        3
 Portal Projectile        Hex/Tloc       0%         N/A       100%        3
 Spider Form              Tmut/Pois      0%         N/A       100%        3
 Stone Arrow              Conj/Erth      0%         3d7       100%        3
 Vampiric Draining        Necr           0%         2d6       100%        3
 Anguish                  Hex/Necr       0%         N/A       100%        4
 Animate Armour           Summ/Erth      0%         N/A       100%        4
 Cause Fear               Hex            0%         N/A       100%        4
 Hailstorm                Conj/Ice       0%         3d3       100%        4
 Ice Form                 Ice/Tmut       0%         N/A       100%        4
 Leda's Liquefaction      Hex/Erth       0%         N/A       100%        4
 Summon Ice Beast         Ice/Summ       0%         N/A       100%        4
 Fireball                 Conj/Fire      0%         3d3       100%        5
 Simulacrum               Ice/Necr       0%         N/A       100%        6
 Starburst                Conj/Fire      0%         6d3       100%        6
 Dragon Form              Tmut           0%         N/A       100%        7
 Ignition                 Fire           0%         3d3       100%        8
 Lehudib's Crystal Spear  Conj/Erth      0%         10d2      100%        8
 Dragon's Call            Summ           0%         N/A       100%        9


Dungeon Overview and Level Annotations

Branches:
Dungeon (13/15)            Temple (0/1) D:5            Lair (0/5) D:8
    Orc (0/2) D:10         Vaults (0/5) D:13        Ossuary (visited)

Altars:
Ashenzari
Cheibriados
Dithmenos
Nemelex Xobeh
Trog
Uskayaw
The Shining One

Shops:
D:12 *   D:13 (:

Portals:
Trove: D:10 (show abyssal rune of Zot)

Annotations:
D:4 2 transporters, gdog's ghost, weakling GnDe


Innate Abilities, Weirdness & Mutations

You have a pair of horns on your head.
You reflexively headbutt those who attack you in melee.


Message History

Two slime creatures merge to form a large slime creature.
You slice the large slime creature!!
The large slime creature is moderately wounded.
The large slime creature hits you but does no damage.
Two slime creatures merge to form a very large slime creature.
You hit the very large slime creature.
The very large slime creature is poisoned.
The very large slime creature is lightly wounded.
You slice the very large slime creature!!
The very large slime creature looks as sick as possible!
The very large slime creature is moderately wounded.
A large slime creature splits.
You slice the very large slime creature!!
Your headbutt misses the very large slime creature.
The very large slime creature is heavily wounded.
Two slime creatures merge to form an enormous slime creature.
Two slime creatures merge to form a titanic slime creature.
You slash the titanic slime creature!
You headbutt the titanic slime creature.
The titanic slime creature is moderately wounded.
The titanic slime creature hits you!!
You slice the titanic slime creature!!
The titanic slime creature is moderately wounded.
The titanic slime creature hits you!!!
You hear a shout!
You slice the titanic slime creature!!
You headbutt the titanic slime creature.
The titanic slime creature is heavily wounded.
You block the titanic slime creature's attack.
You slice the titanic slime creature!!
The titanic slime creature looks as sick as possible!
The titanic slime creature is severely wounded.
You block the titanic slime creature's attack.
You barely miss the titanic slime creature.
The titanic slime creature is severely wounded.
You barely miss the titanic slime creature.
The titanic slime creature is severely wounded.
The titanic slime creature hits you!!!!
Ouch! That really hurt!
You die...

#..........##.####.
#..###.#####...###.
# #8.# #.#
#.....###
#<##..###.#
##...####
.8.∩.8...# ##.#####
###<.###.# #.# ###
#8.....# #.# #..
#..##### #+# #..
##@# ... ### #J#
.... ## #.. .....##
#... ......# .....
......) ....##
......# #...#
.....# #.#.# ....#
...#


You could see a titanic slime creature (extremely poisoned).

Vanquished Creatures
  Nessos (D:12)
  A boulder beetle (D:13)
  4 vault guards (D:13)
  Erica (D:10)
  2 centaur warriors
  2 tengu warriors (D:12)
  4 two-headed ogres
  Sonja (D:10)
  4 skeletal warriors (D:12)
  2 wizards (D:10)
  An orc knight (D:10)
  A deep elf pyromancer (D:12)
  4 cyclopes
  2 ugly things
  2 manticores
  6 slime creatures (D:12)
  Maggie (D:7)
  An unseen horror (D:10)
  A komodo dragon (D:11)
  An efreet (D:13)
  7 trolls
  A meliai (shapeshifter) (D:10)
  Grinder (D:5)
  A vampire (D:13)
  Sigmund (D:5)
  A spriggan (shapeshifter) (D:13)
  2 shadows
  5 wraiths
  3 wyverns
  A basilisk (D:12)
  22 yaks
  2 steam dragons
  Menkaure (D:5)
  A vampire mosquito (D:13)
  A water moccasin (D:5)
  A sky beast (D:7)
  6 orc warriors
  A black bear (D:6)
  A boggart (D:10)
  5 ogres
  3 centaurs
  2 phantoms
  An elf zombie (Ossuary)
  A bullfrog (D:8)
  5 kobold brigands
  4 gnoll sergeants
  3 necrophages
  2 scorpions (D:7)
  4 wights (D:8)
  9 killer bees
  2 electric eels (D:11)
  3 howler monkeys
  2 jellies
  A hound (D:4)
  A human zombie (Ossuary)
  3 orc priests
  A centaur zombie (Ossuary)
  7 gnoll boudas
  3 iguanas
  9 orc wizards
  3 mummies
  26 gnolls
  7 adders
  An ufetubus (D:5)
  3 adder zombies (Ossuary)
  2 worms
  3 dart slugs
  28 orcs
  10 ball pythons
  5 endoplasms
  3 giant cockroaches
  9 hobgoblins
  2 jackals (D:1)
  19 kobolds
  2 quokkas
  2 bats
  4 frilled lizards
  6 goblins
  A goblin zombie (Ossuary)
  14 hobgoblin zombies
  A jackal zombie (Ossuary)
  8 kobold zombies
  10 orc zombies
  2 quokka zombies (D:8)
  11 rats
354 creatures vanquished.

Vanquished Creatures (others)
  5 fungi (D:7)
  3 plants (D:7)
8 creatures vanquished.

Grand Total: 362 creatures vanquished

Notes
Turn   | Place    | Note
-------+----------+-------------------------------------------
     0 | D:1      | LustLizard the Minotaur Monk began the quest for the Orb.
     0 | D:1      | Reached XP level 1. HP: 19/19 MP: 0/0
   127 | D:1      | Reached skill level 4 in Axes
   237 | D:1      | Reached XP level 2. HP: 27/27 MP: 1/1
   912 | D:2      | Reached XP level 3. HP: 33/33 MP: 2/2
  1064 | D:2      | Found a snail-covered altar of Cheibriados.
  1083 | D:2      | Reached skill level 5 in Axes
  1086 | D:2      | Became a worshipper of Cheibriados the Contemplative
  1086 | D:2      | Reached * piety under Cheibriados
  1086 | D:2      | Reached ** piety under Cheibriados
  1492 | D:2      | Found a faded altar of an unknown god.
  1544 | D:2      | Reached XP level 4. HP: 41/41 MP: 3/3
  2234 | D:3      | Found a shadowy altar of Dithmenos.
  2243 | D:3      | Reached *** piety under Cheibriados
  2695 | D:4      | Noticed gdog's ghost (weakling GnDe)
  2695 | D:4      | Noticed a phantom
  2698 | D:4      | Identified the +0 dire flail "Beastbane" {vorpal, Fly}
  2698 | D:4      | Noticed an ogre
  2700 | D:4      | Noticed an ogre
  2700 | D:4      | Killed a phantom
  2701 | D:4      | Reached skill level 6 in Axes
  2701 | D:4      | Reached skill level 1 in Throwing
  2701 | D:4      | Reached XP level 5. HP: 47/47 MP: 4/4
  2702 | D:4      | Found a transporter.
  2708 | D:4      | Reached skill level 5 in Fighting
  2709 | D:4      | Found a transporter.
  2818 | D:4      | Noticed a moth of wrath
  2820 | D:4      | Found a bloodstained altar of Trog.
  2978 | D:4      | Reached XP level 6. HP: 56/56 MP: 5/5
  3269 | D:5      | Entered Level 5 of the Dungeon
  3347 | D:5      | Found a glowing golden altar of the Shining One.
  3348 | D:5      | Found a sparkling altar of Nemelex Xobeh.
  3348 | D:5      | Found a snail-covered altar of Cheibriados.
  3349 | D:5      | Found a hide-covered altar of Uskayaw.
  3481 | D:5      | Reached skill level 7 in Axes
  3514 | D:5      | Noticed a water moccasin
  3526 | D:5      | Killed a water moccasin
  3527 | D:5      | Reached XP level 7. HP: 44/62 MP: 6/6
  3649 | D:5      | Noticed Grinder
  3653 | D:5      | Paralysed by Grinder for 2 turns
  3664 | D:5      | Paralysed by Grinder for 4 turns
  3670 | D:5      | Killed Grinder
  3671 | D:5      | Reached skill level 8 in Axes
  3671 | D:5      | Noticed Menkaure
  3682 | D:5      | Killed Menkaure
  4048 | D:5      | Noticed Sigmund
  4060 | D:5      | Killed Sigmund
  4221 | D:5      | Found a staircase to the Ecumenical Temple.
  4606 | D:6      | Reached XP level 8. HP: 71/71 MP: 5/7
  4648 | D:6      | Reached skill level 9 in Axes
  4775 | D:6      | Reached **** piety under Cheibriados
  4823 | D:6      | Noticed a troll
  5337 | D:6      | Reached skill level 10 in Axes
  5381 | D:6      | Reached skill level 5 in Throwing
  5512 | D:6      | Identified the +9 short sword of Distant Shores {elec,
                  | rCorr Str-4 Int+3}
  5709 | D:6      | Reached skill level 1 in Shields
  6052 | D:7      | Reached XP level 9. HP: 76/81 MP: 8/8
  6529 | D:7      | Noticed Maggie
  6682 | D:7      | Reached skill level 11 in Axes
  6724 | D:7      | Reached ***** piety under Cheibriados
  6889 | D:7      | Killed Maggie
  7078 | D:7      | Reached skill level 12 in Axes
  7428 | D:7      | Reached XP level 10. HP: 91/91 MP: 9/9
  7837 | D:8      | Reached skill level 5 in Shields
  7881 | D:8      | Found a staircase to the Lair.
  7939 | D:8      | Reached skill level 13 in Axes
  7971 | D:8      | Found a broken altar of Ashenzari.
  8057 | D:8      | Found a sand-covered staircase.
  8063 | D:8      | Identified the +9 war axe of the Lumpy Persimmons {venom,
                  | Fly rElec}
  8075 | Ossuary  | Entered an ossuary
  8164 | Ossuary  | Reached ****** piety under Cheibriados
  8398 | D:8      | Reached skill level 1 in Invocations
  8400 | D:8      | Reached skill level 1 in Evocations
  8666 | D:9      | Reached skill level 10 in Fighting
  8700 | D:9      | Reached skill level 1 in Armour
  8896 | D:9      | Reached XP level 11. HP: 100/100 MP: 12/12
  8962 | D:9      | Noticed a two-headed ogre
  8969 | D:9      | Killed a two-headed ogre
  9188 | D:10     | Entered Level 10 of the Dungeon
  9197 | D:10     | Noticed Sonja
  9207 | D:10     | Killed Sonja
  9243 | D:10     | Noticed a two-headed ogre
  9249 | D:10     | Killed a two-headed ogre
  9421 | D:10     | Noticed Erica
  9431 | D:10     | Killed Erica
  9733 | D:10     | Noticed a wizard
  9736 | D:10     | Noticed an orc knight
  9737 | D:10     | Killed a wizard
  9741 | D:10     | Noticed a white ugly thing
  9744 | D:10     | Killed an orc knight
  9744 | D:10     | Noticed a centaur warrior
  9748 | D:10     | Killed a centaur warrior
  9753 | D:10     | Reached skill level 5 in Invocations
  9756 | D:10     | Killed a white ugly thing
 10055 | D:10     | Noticed a wizard
 10065 | D:10     | Killed a wizard
 10066 | D:10     | Reached skill level 5 in Evocations
 10079 | D:10     | Reached skill level 14 in Axes
 10079 | D:10     | Reached skill level 5 in Dodging
 10398 | D:10     | Found a portal to a secret trove of treasure.
 10537 | D:10     | Found a staircase to the Orcish Mines.
 10772 | D:11     | Reached XP level 12. HP: 104/110 MP: 15/15
 11125 | D:11     | Found a broken altar of Ashenzari.
 11166 | D:11     | Noticed a two-headed ogre
 11170 | D:11     | Killed a two-headed ogre
 11403 | D:11     | Noticed a two-headed ogre
 11409 | D:11     | Killed a two-headed ogre
 11733 | D:12     | Reached skill level 5 in Armour
 12084 | D:12     | Noticed Nessos
 12093 | D:12     | Killed Nessos
 12462 | D:12     | Found Noahuc's Assorted Antiques.
 12470 | D:12     | Bought a puce potion for 21 gold pieces
 12763 | D:12     | Noticed a tengu warrior
 12764 | D:12     | Noticed a tengu warrior
 12775 | D:12     | Killed a tengu warrior
 12776 | D:12     | Killed a tengu warrior
 13411 | D:13     | Found a gate to the Vaults.
 13411 | D:13     | Noticed a centaur warrior
 13411 | D:13     | Noticed a vault guard
 13411 | D:13     | Noticed a vault guard
 13411 | D:13     | Noticed a vault guard
 13411 | D:13     | Noticed a vault guard
 13411 | D:13     | Noticed a boulder beetle
 13413 | D:13     | Killed a centaur warrior
 13414 | D:13     | Reached XP level 13. HP: 117/117 MP: 7/18
 13713 | D:13     | Found Xuckinau's Book Shop.
 13774 | D:13     | Found Lomor's Antique Weapon Boutique.
 13792 | D:13     | Annihilated by a titanic slime creature

Illustrated notes

Levels and vault maps discovered:
D:1:      nicolae_arrival_washed_ashore, layout_basic
D:2:      layout_loops_ring, basic_altar, dreamdust_ecumenical_altar_grove,
          dreamdust_princess_corridor, st_stairs_11
D:3:      layout_loops_corners, mainiacjoe_overflow_concentric_impassable
D:4:      layout_basic, tgw_trog, gammafunk_ghost_smash
D:5:      layout_basic, chequers_temple_overflow_statue_of_worship,
          minmay_temple_entry_wispy, uniq_sigmund, uniq_grinder, uniq_menkaure
D:6:      layout_cave_pods
D:7:      kennysheep_seaside_town, layout_loops_cross, minmay_mini_ossuary,
          uniq_maggie
D:8:      layout_basic, mainiacjoe_overflow_small_starburst, dpeg_oklobed_lair,
          enter_ossuary_4, roderic_roman_lattice, st_stairs_13,
          minmay_stone_trees_medium
D:9:      layout_roguey
D:10:     minmay_the_grid_four_pointed_star
          [minmay_the_grid_triangle_9x9_zippers_vertical,
          minmay_the_grid_triangle_9x9_minimal,
          minmay_the_grid_triangle_9x9_skeleton,
          minmay_the_grid_triangle_9x9_odd_lines,
          minmay_the_grid_prize_four_corners], layout_cave_pods, orc_0_dummy,
          enter_trove_6, solitary_fountain, uniq_sonja, uniq_erica
D:11:     layout_basic, evilmike_ruin_ashenzari
D:12:     layout_cave_pods, serial_shops, nicolae_diamond_shop, uniq_nessos
D:13:     layout_loops_corners, lightli_vaults_fourway_checkpoint, serial_shops,
          nicolae_shop_competitors_out_of_business,
          nicolae_shop_advertising_works [nicolae_subvault_shop_adworks],
          nicolae_square_shop, nicolae_take_the_stairs,
          nicolae_shop_statue_plus, minmay_misc_feat_ornament

Skill      XL: |  1  2  3  4  5  6  7  8  9 10 11 12 13 |
---------------+----------------------------------------+-----
Axes           | 4 5 6 7 8 10 12 13 14 | 14.8
Fighting       | 4 5 6 8 9 10 11 12 | 12.0
Throwing       | 1 2 3 5 6 7 |  7.1
Shields        | 1 4 6 |  6.2
Invocations    | 3 5 8 |  8.5
Evocations     | 2 5 7 |  7.8
Armour         | 1 4 6 |  6.6
Dodging        | 5 6 7 |  7.0
Stealth        | |  1.5

Action                   |  1- 3 |  4- 6 |  7- 9 | 10-12 | 13-15 || total
-------------------------+-------+-------+-------+-------+-------++-------
Melee: Hand axe          |    83 |    11 |       |       |       ||    94
       Headbutt          |    13 |    13 |    60 |    91 |    12 ||   189
       Punch             |     1 |     2 |     3 |       |       ||     6
       Mace              |       |    69 |   235 |    94 |       ||   398
       War axe           |       |       |       |   314 |    39 ||   353
Throw: Stone             |     3 |     9 |    43 |     3 |       ||    58
       Dart              |       |       |    16 |     5 |       ||    21
       Boomerang         |       |       |     1 |    34 |       ||    35
Invok: Slouch            |       |       |       |     2 |     1 ||     3
Evoke: Wand              |       |       |     1 |       |       ||     1
  Use: Scroll            |       |     2 |     8 |    17 |     1 ||    28
       Potion            |       |       |     1 |     1 |       ||     2
 Stab: Invisible         |       |       |     1 |       |       ||     1
Armor: Robe              |     8 |       |       |       |       ||     8
       Scale mail        |    17 |     1 |       |       |       ||    18
       Chain mail        |       |    24 |       |       |       ||    24
       Plate armour      |       |     3 |   106 |    98 |     4 ||   211
Dodge: Dodged            |    63 |    55 |   193 |   191 |    11 ||   513
Block: Kite shield       |       |       |       |   246 |    18 ||   264
